 Dungeon Crawl Stone Soup version 0.23-a0-319-gb40ba49 (webtiles) character file.

56 Amnesiac the Digger (level 3, 23/28 HPs)
             Began as a Deep Dwarf Earth Elementalist on Oct 15, 2018.
             Quit the game on level 4 of the Dungeon.
             The game lasted 00:02:33 (469 turns).

Amnesiac the Digger (Deep Dwarf Earth Elementalist)  Turns: 469, Time: 00:02:34

Health: 23/28      AC:  2    Str: 11    XL:     3   Next: 71%
Magic:  3/5        EV: 12    Int: 16    God:
Gold:   18         SH:  0    Dex: 13    Spells: 3/6 levels left

rFire    . . .     SeeInvis .   a - +2 short sword (freeze)
rCold    . . .     Gourm    .   (no shield)
rNeg     . . .     Faith    .   c - +0 robe
rPois    .         Spirit   .   (no helmet)
rElec    .         Reflect  .   (no cloak)
rCorr    .         Harm     .   (no gloves)
MR       .....                  (no boots)
Stlth    ++........             (no amulet)
HPRegen  0.00/turn              (no ring)
MPRegen  0.09/turn              (no ring)

@: mildly poisoned (23 -> 23), non-regenerating
A: damage resistance, heal wounds, sense surroundings 1, no regeneration
a: Heal Wounds


You were on level 4 of the Dungeon.
You were not hungry.

You visited 1 branch of the dungeon, and saw 4 of its levels.

You collected 18 gold pieces.

Inventory:

Hand Weapons
 a - a +2 short sword of freezing (weapon)
 b - a +0 dagger
Missiles
 e - 14 stones (quivered)
Armour
 c - a +0 robe (worn)
Scrolls
 f - a scroll of remove curse {!r, unknown}
 h - a scroll of enchant armour {!r, unknown}
Comestibles
 d - 2 rations
 g - 10 chunks of flesh


   Skills:
 - Level 1.0 Short Blades
 - Level 2.1 Dodging
 - Level 2.4 Stealth
 + Level 2.3 Spellcasting
 - Level 1.0 Transmutations
 * Level 5.3 Earth Magic


You had 3 spell levels left.
You knew the following spells:

 Your Spells              Type           Power        Failure   Level  Hunger
a - Sandblast             Erth           ###...       2%          1    #......
b - Passwall              Tmut/Erth      ##......     9%          2    ###....

Your spell library contained the following spells:

 Spells                   Type           Power        Failure   Level  Hunger
 Stone Arrow              Conj/Erth      ##....       21%         3    ###....
 Petrify                  Tmut/Erth      ##......     47%         4    #####..
 Lee's Rapid Deconstruct  Erth           ###.......   52%         5    ######.


Dungeon Overview and Level Annotations

Branches:
Dungeon (4/15)
 Temple: D:4-7

Altars:

Annotations:
D:3 Sigmund


Innate Abilities, Weirdness & Mutations

You are resistant to damage.
You can heal yourself by infusing magical energy.
You passively map a small area around you.
You do not regenerate.


Message History

Unknown command.
Casting: Sandblast (safe; 2% risk of failure)
Confirm with . or Enter, or press ? or * to list all spells.
You don't have enough magic to cast that spell.
Unknown command.
Casting: Sandblast (safe; 2% risk of failure)
Confirm with . or Enter, or press ? or * to list all spells.
You don't have enough magic to cast that spell.
The orc priest closely misses you.
Some of the chunks of flesh in your inventory have rotted away.
You closely miss the orc priest.
The orc priest is almost dead.
The orc priest calls down the wrath of Beogh upon you.
Pain shoots through your body!
You barely miss the orc priest.
The orc priest is severely wounded.
The orc shouts!
You hear a bark! x2
The orc priest hits you but does no damage.
You hit the orc priest. You freeze the orc priest.
You kill the orc priest!
Training target 1.0 for Short Blades reached!
Your Short Blades skill increases to level 1!
You have reached level 3!
Your experience leads to an increase in your attributes!
Increase (S)trength, (I)ntelligence, or (D)exterity?
You feel clever.
An orc wizard comes into view. It is wielding a dagger.
You see here a rat skeleton.
The orc wizard shouts!
The orc wizard mumbles some strange words.
The orc wizard seems to speed up.
An adder comes into view.
The adder hisses angrily.
A frilled lizard and Sigmund come into view.
The frilled lizard hisses angrily.
Found a stone staircase leading down.
The orc wizard casts a spell at you. The puff of frost hits you!
* * * LOW HITPOINT WARNING * * *
The orc barely misses you.
The orc wizard looks satisfied for a moment.
The adder bites you.
* * * LOW HITPOINT WARNING * * *
The frilled lizard bites you. The frilled lizard barely misses you.
The adder misses you. The adder bites you.
Found 12 gold pieces and 5 poisoned needles.
The adder bites you.
* * * LOW HITPOINT WARNING * * *
You are poisoned.
The adder poisons you! The adder bites you.
There is a stone staircase leading down here.
The adder bites you but does no damage.
You climb downwards.
You hear the sound of rushing water.
There is an entrance to a sewer on this level.
Hurry and find it before the
There is a stone staircase leading up here.
You aren't carrying any potions.
Okay, then.
Your magical essence is drained by the effort!
You feel much better. The adder barely misses you.
Are you sure you want to abandon this character and quit the game? (Confirm

, , *#......# ,,,
#......# * * *
#......# ,
#......# * *
,#......#####.# *
.#............#**
......S........ *
#@# ** * , , #.#
* *, ,*#.# , ,,
*#.# * * #.# * *
* *#.. , , , ###,
* , ,


You could see an adder.

Vanquished Creatures
  An orc priest (D:3)
  A dart slug (D:2)
  A leopard gecko (D:2)
  A ball python (D:2)
  4 goblins
  2 hobgoblins
  A quokka (D:3)
  4 bats
  2 frilled lizards (D:2)
  3 kobolds
  5 rats
25 creatures vanquished.

Notes
Turn   | Place    | Note
-------+----------+-------------------------------------------
     0 | D:1      | Amnesiac the Deep Dwarf Earth Elementalist began the quest
                  | for the Orb.
     0 | D:1      | Reached XP level 1. HP: 15/15 MP: 3/3
   147 | D:2      | Reached XP level 2. HP: 20/22 MP: 0/5
   151 | D:2      | Learned a level 2 spell: Passwall
   279 | D:2      | Reached skill level 1 in Transmutations
   420 | D:3      | Reached skill level 5 in Earth Magic
   439 | D:3      | Reached skill level 1 in Short Blades
   439 | D:3      | Reached XP level 3. HP: 9/28 MP: 0/6
   447 | D:3      | Noticed Sigmund
   462 | D:3      | HP: 1/28 [adder (1)]
   469 | D:4      | Quit the game

Vault maps used:
D:1:      lemuel_arrival_rhombus, serial_forest, infiniplex_forest_corner_1,
          infiniplex_forest_lined_corner, infiniplex_forest_clump_cross,
          infiniplex_forest_clump_small, infiniplex_forest_lined_4_way
D:3:      first_ration, hangedman_glass_teeth, minmay_hedge_maze, uniq_sigmund
D:4:      nicolae_overflow_hidden_temple, serial_shops, shop_fountains,
          cheibrodos_sewer_entry_bend, xom_redecorated

Skill      XL: |  1  2 |
---------------+-------+-----
Spellcasting   | 2 |  2.3
Transmutations | 1 |  1.0
Earth Magic    | 5 |  5.3
Short Blades   | 1 |  1.0
Dodging        | |  2.1
Stealth        | |  2.4

Action                   || total
-------------------------++-------
Melee: Unarmed           ||    14
       Dagger            ||    13
       Short sword       ||    31
 Cast: Sandblast         ||    20
 Abil: Heal Wounds       ||     1
 Stab: Sleeping          ||     2
Armor: Robe              ||    20
Dodge: Dodged            ||    63

Table legend:
 A = Non-vault XP
 B = Vault XP
 C = Vault XP percentage of total XP
 D = Non-vault monster count
 E = Vault monster count
 F = Vault count percentage of total count
                 A         B        C        D         E       F
            +---------+---------+-------+---------+---------+-------
      Total |      81 |       0 |   0.0 |      25 |       0 |   0.0
            +---------+---------+-------+---------+---------+-------
        D:1 |       4 |       0 |   0.0 |       3 |       0 |   0.0
        D:2 |      25 |       0 |   0.0 |      14 |       0 |   0.0
        D:3 |      52 |       0 |   0.0 |       8 |       0 |   0.0
            +---------+---------+-------+---------+---------+-------
